 Dungeon Crawl Stone Soup version 0.26-a0-672-g1df16c3386 (webtiles) character file.

Game seed: 615683289495441670

39 Carnifexus the Skirmisher (level 3, -1/29 HPs)
             Began as a Demonspawn Berserker on Oct 19, 2020.
             Was a Follower of Trog.
             Slain by a kobold
             ... wielding a +0 spear
              (5 damage)
             ... on level 2 of the Dungeon.
             The game lasted 00:02:56 (1247 turns).

Carnifexus the Skirmisher (Demonspawn Berserker)    Turns: 1247, Time: 00:02:57

Health: -1/29      AC:  2    Str: 18    XL:     3   Next: 28%
Magic:  3/3        EV: 13    Int:  8    God:    Trog [*.....]
Gold:   77         SH:  0    Dex: 18    Spells: 2/2 levels left

rFire    . . .     SeeInvis .   c - +0 whip (elec)
rCold    . . .     Faith    .   (no shield)
rNeg     . . .     Spirit   .   b - +0 animal skin
rPois    .         Reflect  .   (helmet restricted)
rElec    .         Harm     .   (no cloak)
rCorr    .         Rampage  .   (no gloves)
MR       .....                  (no boots)
Stlth    ++........             (no amulet)
HPRegen  0.09/turn              f - +6 ring of dexterity
MPRegen  0.08/turn              (no ring)

@: no status effects
A: antennae 1
a: Berserk, Renounce Religion


You were on level 2 of the Dungeon.
You worshipped Trog.
Trog was aware of your devotion.
You visited 1 branch of the dungeon, and saw 2 of its levels.

You collected 77 gold pieces.

Inventory:

Hand Weapons
 a - a +0 hand axe
 c - a +0 whip of electrocution (weapon)
Armour
 b - a +0 animal skin (worn)
 j - a +0 scale mail
Jewellery
 f - a +6 ring of dexterity (left hand)
Scrolls
 d - a scroll of identify {unknown}
 g - 2 scrolls of remove curse {unknown}
 k - a scroll of fog {unknown}
Potions
 e - a potion of curing {unknown}
 h - a potion of degeneration {unknown}
 i - a potion of brilliance {unknown}


   Skills:
 + Level 3.4 Fighting
 + Level 3.1(3.2) Axes
 + Level 0.5(2.0) Maces & Flails
 + Level 1.9 Armour
 + Level 2.1 Dodging
 + Level 0.3 Stealth


You had 2 spell levels left.
You didn't know any spells.
Your spell library was empty.

Dungeon Overview and Level Annotations

Branches:
Dungeon (2/15)

Altars:


Innate Abilities, Weirdness & Mutations

You have a pair of small antennae on your head.


Message History

Found a scroll labeled NUPSOOD CANEYTT.
You now have 77 gold pieces (gained 13).
Things that are here:
a +0 dagger; a kobold corpse A kobold comes into view.
It is wielding a +0 spear.
The kobold hits you with a +0 spear. The kobold hits you with a +0 spear.
The kobold barely misses you. The kobold hits you with a +0 spear.
The kobold barely misses you. The kobold hits you with a +0 spear.
* * * LOW HITPOINT WARNING * * *
The kobold hits you with a +0 spear.
* * * LOW HITPOINT WARNING * * *
The kobold hits you with a +0 spear.
* * * LOW HITPOINT WARNING * * *
The kobold barely misses you. The kobold completely misses you.
The kobold hits you with a +0 spear.
You die...

..#####.# #†##.#
.#####.######### #.##.#
.........†......## ##.##.#
.)#####.#######..###..##[#
#.#######.(........###
#.#......)..........<#
#.#.####.(..##.####..#
#........)..##.# #.(#
......##.@#.##. #..# #....
#.K#.##. #..# .. .........
#..# . ..#.#.#.## ...# ...
#.#.#.# #.## #. #.#.# # .
.?#.# . ...


You could see a kobold.

Vanquished Creatures
  An adder (D:2)
  An ooze (D:1)
  3 dart slugs (D:1)
  A leopard gecko (D:2)
  2 goblins (D:1)
  2 hobgoblins
  A quokka (D:2)
  3 bats
  5 kobolds
  A rat (D:2)
20 creatures vanquished.

Notes
Turn   | Place    | Note
-------+----------+-------------------------------------------
     0 | D:1      | Carnifexus the Demonspawn Berserker began the quest for the
                  | Orb.
     0 | D:1      | Reached XP level 1. HP: 18/18 MP: 1/1
   131 | D:1      | Gained mutation: You have a pair of small antennae on your
                  | head. [demonic ancestry]
   131 | D:1      | Reached XP level 2. HP: 6/24 MP: 2/2
   938 | D:2      | Reached XP level 3. HP: 21/29 MP: 3/3
  1247 | D:2      | Slain by a kobold

Illustrated notes

Levels and vault maps discovered:
D:1:      dpeg_arrival_houses_and_road, layout_basic, minmay_misc_feat_chi
D:2:      layout_loops_ring, overflow_temple_1_default, lemuel_altar_in_water,
          uniq_terence

Skill      XL: |  1  2 |
---------------+-------+-----
Axes           | 3 |  3.1
Dodging        | 2 |  2.1
Fighting       | |  3.4
Maces & Flails | |  0.5
Armour         | |  1.9
Stealth        | |  0.3

Action                   || total
-------------------------++-------
Melee: Whip              ||    52
       Hand axe          ||     1
 Stab: Sleeping          ||     2
Armor: Animal skin       ||     5
Dodge: Dodged            ||    38

Table legend: (Time is in decaauts)
 A = Elapsed time spent in this place.
 B = Non-inter-level travel time spent in this place.
 C = Inter-level travel time spent in this place.
 D = Time resting spent in this place.
 E = Time spent auto-exploring this place.
 F = Levels seen in this place.
 G = Mean time per level.
                   A        B        C        D        E       F      G
               +--------+--------+--------+--------+--------+-----+--------+
         Total |   1246 |   1232 |     14 |      0 |    714 |   2 |  623.0 |
       Dungeon |   1246 |   1232 |     14 |      0 |    714 |   2 |  623.0 |
               +--------+--------+--------+--------+--------+-----+--------+

Top non-repeatable levels by time:
     D:1: 738 daAuts
     D:2: 507 daAuts
